[Event "7th Kings Tournament"]
[Site "Bucharest"]
[Date "2013.10.15"]
[Round "9"]
[White "Caruana, Fabiano"]
[Black "Wang, Hao"]
[Result "0-1"]
[ECO "C42"]
[WhiteElo "2779"]
[BlackElo "2733"]
[PlyCount "96"]
[EventDate "2013.??.??"]
[EventCountry "ROU"]
[TimeControl "40/7200:20/3600:900+30"]

{In the 9th round of Kings Tournament the leader Fabiano Caruana unexpectedly
lost with the white pieces to Wang Hao. Caruana achieved a large advantage
against the Petrov’s Defense, but then the things went completely out of
hand for the Italian and first he let the advantage slip away and in time
trouble White missed even the forced draw.   Nisipeanu-Radjabov is best
explained by Nisipeanu’s own words after the game: “If you want to become
a 2700-player, you don’t have to beat them, it’s enough to make a draw
with them”. The Romanian chose a safe strategy and only the tournament rules
didn’t allow the players to shake hands before move 30.   Thus before the
last round Caruana is leading with plus two score, Nisipeanu and Wang Hao are
on 50 per cent and Ponomariov with Radjabov share places 4-5 with minus one. 
The last round starts at 13:30 local time.} 1. e4 e5 2. Nf3 Nf6 3. Nxe5 d6 4.
Nf3 Nxe4 5. Nc3 Nxc3 6. dxc3 Be7 7. Be3 (7. Bf4 O-O 8. Qd2 Nd7 9. O-O-O Nc5 10.
Be3 c6 11. c4 Ne4 12. Qe1 Re8 $11 {Ponomariov,R (2751)-Nisipeanu,L (2674)
Bucharest 2013}) 7... O-O (7... Nc6 {was played by Wang Hao in the fifth round:
} 8. Qd2 Be6 9. O-O-O Qd7 10. h4 h6 11. Kb1 Bf6 {Ponomariov,R (2751)-Wang,H 
(2733) Bucharest 2013}) 8. Qd2 {[#]  In this popular position Black usually
chooses between 8...Nc6 and 8...Nd7. It is also common to develop the bishop
to e6, f5 of g4.} b6 $5 {The patent of Wang Hao, who played this move earlier
this year. In no other games did Black try 8...b6.  At this point Caruana
started to think longer.} 9. O-O-O Bb7 10. Nd4 Nc6 11. Nf5 Bf6 12. Ng3 {An
improvement over Wang Hao's previous game, which forced the Chinese GM to
start thinking over the board as well. Until this moment Caruana spent about
half an hour, while Wang Hao was replying instantly.} (12. h4 Re8 13. Bg5 Ne5
14. f4 Ng4 15. Bb5 Re4 16. Ng3 Re6 17. Rde1 Rxe1+ 18. Rxe1 {was good for White
in Nakamura,H (2775)-Wang Hao (2743) Sandnes 2013, but Black's play can
certainly be improved at several points.}) 12... Ne7 {Played after more than
20 minutes of thinking. Most likely Wang Hao was trying to recall his home
preparation.} 13. Nh5 Nf5 14. Bf4 Be5 15. h4 g6 $6 {A committing, rather
dubious move.  [#]} 16. Bd3 $1 gxh5 (16... Ng7 $5) 17. Bxf5 Qf6 18. Bxe5 dxe5 (
18... Qxf5 19. Bd4 {leads to an unpleasant position for Black due to the more
vulnerable position of his king. For instance} c5 20. Be3 d5 21. Rh3 $16) 19.
Bd3 {[#]  Black's pawn structure is broken and his position is becoming
dangerous.} Kg7 $6 {This move is hard to understand. Even Wang Hao couldn't
explain its purpose after the game...} ({More logical looks} 19... Rad8) ({or
even} 19... Kh8) 20. Qe2 ({An attractive alternative was} 20. Rh3 Rg8 21. Rg3+
Kh8 22. Rg5) ({Also} 20. f3 {is a good option.}) 20... e4 21. Bc4 Qh6+ 22. Kb1
Rad8 23. a3 {Defending such a position with Black is highly unpleasant.} f5 {
[#]} 24. Bb3 {Now Qc4 becomes an additional option for White. Strong was} (24.
Rxd8 Rxd8 25. Rd1 Rd6 26. g3 {and White keeps a clear strategic advantage.})
24... Kg6 {Another daring move with the king.} ({Preferable is} 24... c5 {and
if} 25. Qc4 Qf6 26. Qa4 {Black has} Qc6 $1) 25. Rh3 ({Again} 25. Rxd8 Rxd8 26.
Rd1 {was a simple and good solution.}) 25... f4 26. Rxd8 Rxd8 {[#]} 27. g4 ({
Even here White could transfer the rook to the d-file with the help of
unexpected tactics -} 27. Rd3 $1 {and Black is in troubles:} Rxd3 (27... Qf8
28. Bf7+ $3 Kxf7 29. Qxh5+) (27... exd3 28. Qe6+ Kg7 29. Qe7+ {with a soon mate
}) 28. cxd3 e3 29. Qe1 $1 {followed by fxe3 and Qg3, keeping the attack.})
27... c5 28. Rh1 (28. gxh5+ Kf6 (28... Kg7 29. Rd3 $1) (28... Qxh5 $2 29. Bf7+)
29. Rh1) 28... f3 29. Qc4 ({Stronger is} 29. gxh5+) 29... Bd5 30. Qa4 Bxb3 {[#]
Here both players had about 10 minutes left on the clock - very little for
such a sharp position, with a lot of variations to calculate. White is still
better, but things are getting more and more complicated and under pressure
Caruana collapses - a rare case for the young Italian GM.  In the next part
White's lay is obviously influenced by the time-trouble.} 31. cxb3 (31. Qc6+
$142 Kg7 32. Qc7+ Bf7 33. Qxd8 hxg4 34. Qc7) 31... Qf4 32. Re1 $6 hxg4 33. Rxe4
Qf5 34. Ka2 Kh5 {Black is not worse any longer.} 35. Re1 (35. Rf4 Qg6 {is bad
for White.}) 35... h6 36. Qxa7 g3 {[#]} 37. fxg3 $2 ({White could still make a
draw:} 37. Qe7 gxf2 38. Re5 Qxe5 39. Qxe5+ Kg4 40. Qe4+ Kg3 41. Qg6+ Kh2 42.
Qc2 Kg1 43. Qg6+ $11) 37... f2 38. Rf1 Kg4 39. Qg7+ Kf3 40. g4 Qf4 {[#]  The
time trouble is over and Black is winning now!} 41. Qb7+ Ke2 42. Rb1 Rd3 ({
Instead Wang Hao had a nice forced win:} 42... f1=Q 43. Qe7+ Kd2 44. Qxd8+ Kc2
45. Rxf1 Qxf1 {with inevitable mate}) 43. Qg2 ({More stubborn was} 43. Qxb6
f1=Q 44. Rxf1 {and Wang Hao had to find} Qxf1 $1 (44... Kxf1 $2 {is a mistake
due to} 45. Qxc5 Qxg4 46. Qf8+ Ke2 47. Qxh6 {and it is still a question if
Black can win this.}) 45. Qxc5 Kd2 $1 46. a4 Kc2 {Black is very active and
should win}) 43... Rd1 {Now is easy for Black} 44. Rxd1 Kxd1 45. Qf1+ Kd2 46.
g5 hxg5 47. hxg5 Qg3 48. Qb5 Qd3 0-1

[Event "7th Kings Tournament"]
[Site "Bucharest"]
[Date "2013.10.15"]
[Round "9"]
[White "Nisipeanu, Liviu-Dieter"]
[Black "Radjabov, Teimour"]
[Result "1/2-1/2"]
[ECO "B22"]
[WhiteElo "2674"]
[BlackElo "2723"]
[PlyCount "63"]
[EventDate "2013.??.??"]
[EventCountry "ROU"]
[TimeControl "40/7200:20/3600:900+30"]

1. e4 c5 2. c3 {The safe Alapin Sicilian. A somewhat expected choice from
Nisipeanu, who is on the second place in tournament and doesn't really need to
take major risk.} Nf6 3. e5 Nd5 4. Nf3 Nc6 5. d4 cxd4 6. cxd4 d6 7. Bc4 {[#]}
dxe5 ({Other options are} 7... e6) (7... Nb6) 8. Nxe5 e6 9. O-O Bd6 {[#]} 10.
Bxd5 exd5 11. Bf4 Bxe5 12. Bxe5 (12. dxe5 O-O 13. Re1 d4 14. Nd2 Qd5 {is good
for Black.}) 12... O-O 13. Re1 Bf5 14. Nc3 Qd7 15. Qd2 {[#]  No much can
happen in such a position.} Rfe8 16. Bg3 Rxe1+ 17. Rxe1 Re8 18. Rxe8+ Qxe8 19.
Nxd5 Qe4 20. Nc3 Qxd4 21. Qxd4 Nxd4 22. f3 Be6 23. Bf2 Nc6 24. a3 a6 25. Ne2
Bc4 26. Nd4 Nxd4 27. Bxd4 f6 28. Kf2 Kf7 29. h4 h6 30. Ke3 Ke6 31. g4 Bb3 32.
Bc3 1/2-1/2

[Event "7th Kings Tournament"]
[Site "Bucharest"]
[Date "2013.10.16"]
[Round "10"]
[White "Wang, Hao"]
[Black "Ponomariov, Ruslan"]
[Result "1-0"]
[ECO "D42"]
[WhiteElo "2733"]
[BlackElo "2751"]
[PlyCount "118"]
[EventDate "2013.??.??"]
[EventCountry "ROU"]
[TimeControl "40/7200:20/3600:900+30"]

1. c4 c5 2. Nf3 Nc6 3. Nc3 Nf6 4. e3 e6 5. d4 d5 6. cxd5 Nxd5 7. Bd3 Be7 8. O-O
O-O 9. a3 b6 (9... cxd4 10. exd4 {is another possibility, which leads to a
well-known theoretical position. In the game Ponomariov decided to avoid this
typical structure with an IQP and initiative for opponent.}) 10. Qc2 {[#]} (10.
dxc5 {here would be a strategic mistake, as after} Nxc3 11. bxc3 Bxc5 {Black
has a better pawn structure.}) 10... Nxc3 ({Now after} 10... g6 {White plays}
11. dxc5 {and it is White who gets a better structure, since} Bxc5 {is bad in
view of} 12. Nxd5 Qxd5 13. Be4 Qd7 14. b4 {winning a piece.}) 11. bxc3 g6 12.
Rd1 Qc7 13. Bb2 Bb7 14. dxc5 bxc5 15. c4 {[#]} f5 16. Rab1 Rad8 17. Be2 Rxd1+
18. Bxd1 Ba8 19. Qd2 Rd8 20. Qc3 e5 {[#]  The position is equal.} 21. Ne1 (21.
Nxe5 Bf6 22. f4 Re8 {favours Black}) 21... Qa5 22. f3 Kf7 ({Another way for
Black to keep equality was indicated by Wang Hao after the game:} 22... Qxc3
23. Bxc3 e4) 23. Bc2 Bf6 ({Better is} 23... Bg5 24. Kf2 Rd2+ 25. Kf1 Bh4 26. g3
({The tactics after} 26. Qxa5 Nxa5 27. Bc3 Nxc4 28. Bb3 Bd5 {works out well
for Black}) 26... Bf6 {and Black is by no means worse.}) 24. e4 {[#]  Now
Black starts to have small problems and needs accuracy to keep the balance.}
Qxc3 25. Bxc3 Nd4 ({The players were thinking that} 25... Ke6 26. Nd3 Kd6 27.
Rb5 fxe4 28. Nxc5 {is better for White, but in fact after} exf3 29. gxf3 Nd4 {
Black has nothing to complain about.}) 26. Bxd4 Rxd4 27. exf5 gxf5 28. Rb8 Bc6
29. Bxf5 Rxc4 ({After} 29... Ke7 30. Bd3 (30. Rc8 Kd6 $11) 30... e4 31. fxe4
Bxe4 32. Bxe4 Rxe4 {Black has a strong bishop and in spite of being a pawn
down easily keeps the balance.}) 30. Rc8 {[#]} Bb5 $2 {During the post-mortem
both players agreed that this represents the fatal mistake.} (30... Bd5 {leads
to different kind of positions with a pawn up for White, but everywhere his
active pieces secure Black sufficient counterplay for a draw. For instance:}
31. Rc7+ ({or} 31. Nd3 Rc3 32. Rc7+ Ke8 33. Rxc5 Rxc5 34. Nxc5 Be7) 31... Kf8
32. Rxa7 Rd4 $5 {with the idea Rd2.}) 31. Rc7+ Be7 32. Bd3 Rc1 33. Bxb5 Rxe1+
34. Kf2 Rh1 35. Kg3 a5 36. Ra7 Rc1 37. Rxa5 {[#]  In spite of the presence of
opposite-coloured bishops the endgame is difficult for Black due to the fact
that White has a potential passed pawn on the kingside as well. With two
passed pawns on different wings most endgames are lost even without rooks.  In
the final part of the game Black can try different defensive set-ups, but most
likely neither is sufficient to reach the draw.} c4 38. Bc6 c3 39. Be4 h5 40.
a4 Ra1 41. Ra6 Bd8 42. Bc2 Bg5 43. Rc6 Ra3 ({or} 43... Bd2 44. Kh4) 44. Rb6 Be7
45. Rb7 Ra1 {[#]} 46. Rb1 $5 (46. Rc7 Ra3 47. Kf2 {followed by Ke2-d3 is
another winning plan.}) 46... Ra3 ({Both players came to the conclusion that
the arising endgame after} 46... Rxb1 47. Bxb1 {is lost for Black.}) 47. Kh3 h4
48. g3 hxg3 49. hxg3 Kg7 50. Rb7 Kf7 51. Rb5 {[#]} e4 {Desperation in a lost
position.} 52. fxe4 Ra1 53. Rb1 Ra3 54. Kg4 Kg7 55. Rb3 Rxa4 56. Rb7 Ra2 57.
Bb3 Rb2 58. Rxe7+ Kf6 59. Re6+ Kf7 1-0